 Dungeon Crawl Stone Soup version 0.19.1-1-g22dce08 (webtiles) character file.

113 markt42 the Chopper (level 4, -2/40 HPs)
             Began as a Hill Orc Fighter on Jan 5, 2017.
             Slain by Sigmund
             ... wielding a +0 scythe
              (8 damage)
             ... on level 3 of the Dungeon.
             The game lasted 00:01:39 (1849 turns).

markt42 the Chopper (Hill Orc Fighter)              Turns: 1849, Time: 00:01:40

Health: -2/40      AC:  9    Str: 19    XL:     4   Next: 96%
Magic:  4/4        EV:  7    Int:  8    God:
Gold:   195        SH:  9    Dex: 10    Spells: 0 memorised, 3 levels left

rFire  . . .     SeeInvis .     a - +0 war axe
rCold  . . .     Gourm    .     b - +0 scale mail
rNeg   . . .     Faith    .     c - +0 shield
rPois  .         Spirit   .     s - +0 helmet
rElec  .         Reflect  .     v - +0 cloak
rCorr  .         Harm     .     (no gloves)
MR     .....                    (no boots)
Stlth  ..........               (no amulet)
                                (no ring)
                                (no ring)

@: no status effects
A: no striking features
a: no special abilities


You were on level 3 of the Dungeon.
You were not hungry.

You visited 1 branch of the dungeon, and saw 3 of its levels.

You collected 195 gold pieces.

Inventory:

Hand Weapons
 a - a +0 war axe (weapon)
Armour
 b - a +0 scale mail (worn)
 c - a +0 shield (worn)
 s - a +0 helmet (worn)
 v - a +0 cloak (worn)
Wands
 u - a wand of slowing (22/48)
Scrolls
 e - a scroll of fog {unknown}
 g - 2 scrolls of remove curse {unknown}
 h - a scroll of enchant weapon {unknown}
 k - 2 scrolls of blinking {unknown}
 n - a scroll of magic mapping {unknown}
 p - a scroll of teleportation {unknown}
 q - a scroll of recharging {unknown}
 t - 2 scrolls of identify {unknown}
Potions
 d - a potion of might
 i - a potion of lignification
Comestibles
 f - a bread ration
 j - a beef jerky
 m - a meat ration


   Skills:
 + Level 4.0 Fighting
 * Level 5.4 Axes
 + Level 3.6 Armour
 + Level 0.1 Dodging
 + Level 3.8 Shields


You had 3 spell levels left.
You didn't know any spells.

Dungeon Overview and Level Annotations

Branches:
Dungeon (3/15)

Altars:
Gozag
Zin

Annotations:
D:3 Sigmund


Message History

Unknown command.
It was a potion of lignification.
You turn into a tree.
Your +0 cloak melds into your body.
Your +0 helmet melds into your body.
Your +0 scale mail melds into your body.
Your roots penetrate the ground.
It was a potion of curing.
You feel better.
You hear some strange, mumbled words.
A magic dart appears from out of thin air!
The magic dart hits you!
It was a potion of magic.
Magic courses through your body. Something hits you but does no damage.
It was a potion of cancellation.
Your magical effects are unravelling.
You feel magically purged.
You feel less woody.
Your +0 cloak unmelds from your body.
Your +0 helmet unmelds from your body.
Your +0 scale mail unmelds from your body.
You feel a little less mighty now. Something hits you!
You die...

............#
............#
.<..........#
............#
............# ####
............# ##..)#
............# #.._.#
...........#####...$#
...............'@{$$#
...........>...#...$#
#.#.###.####..##.._.#
#.#.....###...#
#.#..#.## #### #..#.#
#..#.# #.##.# #.....


There were no monsters in sight!

Vanquished Creatures
  Crazy Yiuf (D:2)
  Robin (D:2)
  An adder (D:2)
  An ooze (D:1)
  2 worms (D:2)
  2 dart slugs (D:1)
  A leopard gecko (D:1)
  4 bats
  2 giant cockroaches
  13 goblins
  6 hobgoblins
  8 kobolds
  7 rats
  2 fungi (D:2)
51 creatures vanquished.

Notes
Turn   | Place    | Note
-------+----------+-------------------------------------------
     0 | D:1      | markt42 the Hill Orc Fighter began the quest for the Orb.
     0 | D:1      | Reached XP level 1. HP: 19/19 MP: 1/1
   123 | D:1      | Reached skill level 3 in Axes
   123 | D:1      | Reached XP level 2. HP: 24/27 MP: 2/2
   329 | D:1      | Reached XP level 3. HP: 33/33 MP: 3/3
   900 | D:2      | Found a faded altar of an unknown god.
  1047 | D:2      | Reached skill level 4 in Axes
  1122 | D:2      | Reached XP level 4. HP: 34/40 MP: 4/4
  1296 | D:2      | Noticed Robin
  1305 | D:2      | Killed Robin
  1308 | D:2      | Reached skill level 5 in Axes
  1452 | D:2      | Found a runed door.
  1456 | D:2      | Noticed Crazy Yiuf
  1461 | D:2      | Killed Crazy Yiuf
  1828 | D:3      | Found a glowing silver altar of Zin.
  1828 | D:3      | Found an opulent altar of Gozag.
  1828 | D:3      | Noticed Sigmund
  1845 | D:3      | HP: 1/40 [something (2)]
  1849 | D:3      | Slain by Sigmund

Skill      XL: |  1  2  3  4 |
---------------+-------------+-----
Axes           | 3 4 5 |  5.4
Fighting       | 4 |  4.0
Armour         | |  3.6
Dodging        | |  0.1
Shields        | |  3.8

Action                   |  1- 3 |  4- 6 || total
-------------------------+-------+-------++-------
Melee: War axe           |   102 |    53 ||   155
  Use: Potion            |       |     5 ||     5
  Eat: Chunk             |       |     3 ||     3
Armor: Scale mail        |    41 |    10 ||    51
       Skin              |       |     2 ||     2
Dodge: Dodged            |    35 |     5 ||    40
Block: Shield            |    52 |    20 ||    72
